 Dungeon Crawl Stone Soup version 0.21.1-1-g345015f (webtiles) character file.

124 Falco the Shooter (level 4, -3/35 HPs)
             Began as a Centaur Arcane Marksman on May 10, 2018.
             Slain by Natasha (5 damage)
             ... on level 3 of the Dungeon.
             The game lasted 00:05:53 (1384 turns).

Falco the Shooter (Centaur Arcane Marksman)         Turns: 1384, Time: 00:05:54

Health: -3/35      AC:  4    Str: 12    XL:     4   Next: 81%
Magic:  5/5        EV: 10    Int: 12    God:
Gold:   95         SH:  0    Dex: 11    Spells: 4/5 levels left

rFire    . . .     SeeInvis .   a - +3 dagger
rCold    . . .     Gourm    .   (no shield)
rNeg     . . .     Faith    .   e - +0 robe
rPois    .         Spirit   .   (no helmet)
rElec    .         Reflect  .   (no cloak)
rCorr    .         Harm     .   (no gloves)
MR       .....                  (no barding)
Stlth    +.........             (no amulet)
HPRegen  0.11/turn              (no ring)
MPRegen  0.09/turn              (no ring)

@: very quick
A: large, hooves 3, deformed body, speed 2, tough skin 3
a: no special abilities


You were on level 3 of the Dungeon.
You were not hungry.

You visited 1 branch of the dungeon, and saw 3 of its levels.

You collected 95 gold pieces.

Inventory:

Hand Weapons
 a - a +3 dagger (weapon)
 b - a +0 shortbow
Missiles
 d - 7 arrows
Armour
 e - a +0 robe (worn)
Jewellery
 m - an uncursed ring of protection from cold {unknown}
Scrolls
 g - a scroll of blinking {unknown}
 i - 4 scrolls of remove curse {unknown}
 j - 2 scrolls of identify {unknown}
 n - a scroll of teleportation {unknown}
 o - a scroll of enchant weapon {unknown}
 p - a scroll of immolation {unknown}
 q - a scroll of enchant armour {unknown}
Potions
 h - a potion of haste {unknown}
 k - a potion of brilliance {unknown}
 l - a potion of magic {unknown}
Books
 c - a book of Debilitation

   Spells                             Type                      Level
   a - Corona                         Hexes                        1
   b - Slow                           Hexes                        2
   c - Inner Flame                    Hexes/Fire                   3
   d - Portal Projectile              Hexes/Translocation          3
   e - Cause Fear                     Hexes                        4
   f - Leda's Liquefaction            Hexes/Earth                  4
Comestibles
 f - a ration


   Skills:
 + Level 1.3 Fighting
 + Level 0.2 Short Blades
 + Level 5.8 Bows
 + Level 1.8 Dodging
 + Level 1.0 Spellcasting
 + Level 3.0 Hexes


You had 4 spell levels left.
You knew the following spells:

 Your Spells              Type           Power        Failure   Level  Hunger
a - Corona                Hex            #......      9%          1    ##.....


Dungeon Overview and Level Annotations

Branches:
Dungeon (3/15)

Altars:
Sif Muna

Annotations:
D:3 Natasha


Innate Abilities, Weirdness & Mutations

You have hooves in place of feet.
Armour fits poorly on your strangely shaped body.
You cover ground very quickly.
You have extremely tough skin. (AC +3)


Message History

Okay, then.
You hit Natasha.
Natasha is heavily wounded.
Natasha stares at you and mumbles some strange words.
You resist with some effort.
You closely miss Natasha.
Natasha is heavily wounded.
Natasha stares at you and mumbles some strange words.
The magic dart hits you!
* * * LOW HITPOINT WARNING * * *
You hit Natasha.
Natasha is almost dead.
Natasha casts a spell.
You closely miss Natasha.
Natasha is almost dead.
Natasha barely misses you.
You hit Natasha. You kick Natasha, but do no damage.
Natasha is almost dead.
Natasha claws you.
You die...

# .# .#
#.####
.....#
##...#.#.
#@h......
#5.......
[...%....
#.#####.##
.. # ...
###


You could see Natasha and a crimson imp.

Vanquished Creatures
  An orc priest (D:2)
  Natasha (D:2)
  2 adders (D:2)
  A worm (D:2)
  A leopard gecko (D:1)
  2 orcs (D:2)
  A ball python (D:1)
  2 giant cockroaches (D:1)
  6 goblins
  4 hobgoblins
  4 jackals (D:2)
  8 kobolds
  A quokka (D:2)
  2 bats
  3 frilled lizards
  A leopard gecko skeleton (D:2)
  7 rats
47 creatures vanquished.

Notes
Turn   | Place    | Note
-------+----------+-------------------------------------------
     0 | D:1      | Falco the Centaur Arcane Marksman began the quest for the Orb.
     0 | D:1      | Reached XP level 1. HP: 16/16 MP: 2/2
    68 | D:1      | Reached XP level 2. HP: 18/23 MP: 3/3
   130 | D:1      | Reached skill level 3 in Bows
   708 | D:2      | Reached skill level 4 in Bows
   708 | D:2      | Reached XP level 3. HP: 21/28 MP: 4/4
  1082 | D:2      | Noticed Natasha
  1094 | D:2      | Killed Natasha
  1094 | D:2      | Reached skill level 5 in Bows
  1094 | D:2      | Reached XP level 4. HP: 19/35 MP: 5/5
  1239 | D:2      | Found a deep blue altar of Sif Muna.
  1370 | D:2      | Noticed Natasha
  1381 | D:3      | HP: 1/35 [Natasha/magic dart (8)]
  1384 | D:3      | Slain by Natasha

Skill      XL: |  1  2  3 |
---------------+----------+-----
Hexes          | 3 |  3.0
Bows           | 4 5 |  5.8
Fighting       | |  1.3
Short Blades   | |  0.2
Dodging        | |  1.8
Spellcasting   | |  1.0

Action                   |  1- 3 |  4- 6 || total
-------------------------+-------+-------++-------
Melee: Dagger            |    38 |    14 ||    52
       Kick              |     9 |     3 ||    12
 Fire: Shortbow          |   105 |    24 ||   129
  Eat: Ration            |       |     1 ||     1
Armor: Robe              |    26 |     3 ||    29
Dodge: Dodged            |    37 |     5 ||    42
